 Dungeon Crawl Stone Soup version 0.17-a0-977-g4154171 (webtiles) character file.

50 namelastname112 the Gusty (level 3, 0/26 HPs)
             Began as a Draconian Air Elementalist on May 10, 2015.
             Killed by nerve-wracking pain
             ... invoked by Grinder
              (3 damage)
             ... on level 3 of the Dungeon.
             The game lasted 00:03:46 (2077 turns).

namelastname112 the Gusty (DrAE)                    Turns: 2077, Time: 00:03:46

Health: 0/26       AC:  5    Str:  7      XL:     3   Next: 55%
Magic:  2/6        EV: 12    Int: 13 (16) God:
Gold:   59         SH:  0    Dex: 11      Spells: 1 memorised, 6 levels left

rFire  . . .     SeeInvis .     c - +0 short sword
rCold  . . .     Clarity  .     (armour unavailable)
rNeg   . . .     SustAb   .     (no shield)
rPois  .         Gourm    .     (helmet restricted)
rElec  .         Spirit   .     (no cloak)
rCorr  .         Warding  .     (no gloves)
rMut   .         Stasis   .     (no boots)
MR     .....                    (no amulet)
Stlth  ++........               (no ring)
                                m - -3 ring of strength (curse)

@: not resistant to hostile enchantments, unstealthy
A: unfitting armour, cold-blooded, AC +5
a: no special abilities


You were on level 3 of the Dungeon.
You were not hungry.

You visited 1 branch of the dungeon, and saw 4 of its levels.

You collected 59 gold pieces.

Inventory:

Hand weapons
 c - a +0 short sword (weapon)
Jewellery
 m - a cursed -3 ring of strength (left hand)
Scrolls
 e - a scroll of recharging
 g - 2 scrolls of identify {unknown}
 i - a scroll of magic mapping {unknown}
 o - a scroll of random uselessness {unknown}
Potions
 k - a potion of brilliance
Books
 a - a book of Air

   Spells                             Type                      Level
   a - Shock                          Conjuration/Air              1
   b - Swiftness                      Charms/Air                   2
   c - Repel Missiles                 Charms/Air                   2
   d - Flight                         Charms/Air                   3
   e - Static Discharge               Conjuration/Air              3
   f - Lightning Bolt                 Conjuration/Air              5
Comestibles
 b - a bread ration
 f - 2 meat rations
 j - a slice of pizza


   Skills:
 - Level 1.7 Dodging
 - Level 1.7 Stealth
 + Level 2.6 Spellcasting
 + Level 1.8 Conjurations
 + Level 3.8 Air Magic


You had 6 spell levels left.
You knew the following spells:

 Your Spells              Type           Power        Failure   Level  Hunger
z - Shock                 Conj/Air       #...         10%         1    #......


Dungeon Overview and Level Annotations

Branches:
Dungeon (4/15)
 Temple: D:4-7

Altars:
Cheibriados
Nemelex Xobeh

Annotations:
D:3 Grinder


Innate Abilities, Weirdness & Mutations

Your plain brown scales are hard (AC +5).
Your body does not fit into most forms of armour.
You are cold-blooded and may be slowed by cold attacks.


Message History

* * * LOW HITPOINT WARNING * * *
The bat misses you. The bat hits you but does no damage. The bat hits you.
* * * LOW HITPOINT WARNING * * *
The bat closely misses you. The bat hits you but does no damage.
Grinder gestures.
Grinder blinks!
You hit Grinder.
Grinder is lightly wounded.
The bat closely misses you. The bat misses you.
Grinder gestures.
Grinder blinks!
Unknown command.
The bat closely misses you. The bat barely misses you. The bat hits you.
* * * LOW HITPOINT WARNING * * *
Grinder gestures at you. Pain shoots through your body!
You die...

........... #.
.#####o### #.# #o#
#.# #.#####.### #.#
#.....>.... #.#
#######o... #.# #
#....5o..# ##.###.##
#.####...#
#b.@....###o####.###
#..###.............
#..# #...o.o..g..##
#g5# ######g####.#
#..# #5# #.# #.o#
#.# .# #..########.#
#..o..go...$#
#..##########


You could see Grinder, 2 orcs, a goblin and a bat.

Vanquished Creatures
  An adder (D:2)
  A giant gecko (D:1)
  An orc (D:3)
  A bat skeleton (D:4)
  2 bat zombies (D:1)
  5 giant cockroaches (D:1)
  6 hobgoblins
  3 kobolds
  2 quokkas (D:2)
  A ball python (D:1)
  2 bats
  4 giant newts
  3 goblins
  4 rats
36 creatures vanquished.

Notes
Turn   | Place    | Note
--------------------------------------------------------------
     0 | D:1      | namelastname112, the Draconian Air Elementalist, began the quest for the Orb.
     0 | D:1      | Reached XP level 1. HP: 14/14 MP: 3/3
   387 | D:1      | Reached XP level 2. HP: 20/20 MP: 0/5
  1003 | D:1      | Found a sparkling altar of Nemelex Xobeh.
  1569 | D:2      | Reached XP level 3. HP: 26/26 MP: 2/6
  1820 | D:2      | You fall through a shaft for 2 floors!
  1820 | D:4      | Noticed a phantom
  1877 | D:4      | Found a snail-covered altar of Cheibriados.
  2045 | D:3      | Noticed Grinder
  2077 | D:3      | Killed from afar by Grinder

Vault maps used:
D:1:      saegor_arrival_fortress, nemelex_altar_shiori
D:2:      kennysheep_generic_room_7
D:3:      lemuel_blue_sif_altar, nicolae_ru_the_path_less_chosen, uniq_grinder,
          uniq_crazy_yiuf_cottage
D:4:      minitemple, first_bread, cheibriados_altar_1

Action                   || total
-------------------------++-------
Melee: Unarmed           ||    17
       Short sword       ||    37
 Cast: Shock             ||    58
  Use: Potion            ||     7
       Scroll            ||     1
 Stab: Sleeping          ||     2
  Eat: Chunk             ||     3
       Meat ration       ||     1
